 Dungeon Crawl Stone Soup version 0.31-a0-692-gf03d1854d5 (webtiles) character file.

Game seed: 5297271788645710405

584 qw the Shooter (level 7, -2/43 HPs)
             Began as a Gargoyle Hunter on Sept 6, 2023.
             Slain by an ogre
             ... wielding a +0 giant club
              (16 damage)
             ... on level 5 of the Dungeon.
             The game lasted 00:01:15 (3051 turns).

qw the Shooter (Gargoyle Hunter)                    Turns: 3051, Time: 00:01:16

Health: -2/43      AC: 10    Str: 15    XL:     7   Next: 37%
Magic:  7/7        EV: 11    Int:  9    God:
Gold:   187        SH:  0    Dex: 15    Spells: 6/6 levels left

rFire   + . .        k - +0 shortbow (heavy)
rCold   . . .        (shield currently unavailable)
rNeg    + . .        e - +0 ring mail
rPois   inf          (no helmet)
rElec   +            (no cloak)
rCorr   .            (no gloves)
SInv    +            (no boots)
Will    .....        (no amulet)
Stlth   +            p - ring of see invisible
HPRegen 0.27/turn    c - ring of protection from fire
MPRegen 0.10/turn

%: no passive effects
@: no status effects
A: sickness immunity, AC +4, negative energy resistance 1, electricity
resistance, torment resistance 1, petrification resistance
a: no special abilities


You were on level 5 of the Dungeon.
You visited 1 branch of the dungeon, and saw 5 of its levels.

You collected 195 gold pieces.
You spent 8 gold pieces at shops.


Innate Abilities, Weirdness & Mutations

You are immune to sickness and miasma.
Your stone body is resilient. (AC +4)
You are immune to poison.
You resist negative energy. (rN+)
You are resistant to electric shocks. (rElec)
You are resistant to unholy torment.
You are immune to petrification.


   Skills:
 - Level 4.2 Fighting
 + Level 7.9 Ranged Weapons
 - Level 1.0 Armour
 - Level 1.5 Dodging
 - Level 1.1 Stealth


You had 6 spell levels left.
You didn't know any spells.
Your spell library was empty.

Inventory:

Hand Weapons
 k - a +0 heavy shortbow (weapon)
Armour
 e - a +0 ring mail (worn)
Jewellery
 c - a ring of protection from fire (right hand)
 n - a ring of resist corrosion
 p - a ring of see invisible (left hand)
 Y - a ring of protection from cold
Scrolls
 a - a scroll of identify
 j - a scroll of teleportation
 q - a scroll of brand weapon
Potions
 b - a potion of enlightenment
 d - a potion of heal wounds
 f - a potion of curing
 i - a potion of haste
 l - a potion of cancellation

Dungeon Overview and Level Annotations

Branches:
Dungeon (5/15)
 Temple: D:4-7

Altars:
Makhleb
Sif Muna
The Shining One

Shops:
D:3 =   D:4 *

Annotations:
D:3 3 runed translucent doors, qw's ghost, amateur GrHu


Message History

3041 |||
Found retreat position at -6,1 (open_door) with 0 blocking monsters and 2 monsters attacking at destination at distance 6
Enter note:
3042 |||
Found retreat position at -5,0 (open_door) with 0 blocking monsters and 2 monsters attacking at destination at distance 5
Enter note:
3043 |||
Found retreat position at -4,0 (open_door) with 0 blocking monsters and 2 monsters attacking at destination at distance 4 The howler monkey hoots and howls with incredible vigour!
You shoot an arrow. The arrow hits the howler monkey!
The howler monkey is almost dead.
The howler monkey hoots and howls with incredible vigour!
Enter note:
3045 |||
Found retreat position at -3,1 (open_door) with 0 blocking monsters and 2 monsters attacking at destination at distance 3
3045 ||| Stepping ~*~*~tactically~*~*~ (retreating).
Enter note:
3046 |||
Found retreat position at -2,1 (open_door) with 0 blocking monsters and 2 monsters attacking at destination at distance 2
3046 ||| Stepping ~*~*~tactically~*~*~ (retreating).
The howler monkey hoots and howls with incredible vigour!
Enter note:
3047 |||
Found retreat position at -1,0 (open_door) with 0 blocking monsters and 2 monsters attacking at destination at distance 1
3047 ||| Stepping ~*~*~tactically~*~*~ (retreating).
The howler monkey attacks as it pursues you!
The howler monkey hits you but does no damage.
The howler monkey attacks as it pursues you!
The howler monkey completely misses you.
There is an open door here.
You shoot an arrow. The arrow hits the howler monkey!
You kill the howler monkey!
The howler monkey hits you but does no damage. x2
You shoot an arrow. The arrow hits the howler monkey.
The howler monkey is moderately wounded.
The howler monkey hits you. The orc hits you with a +0 war axe!
The howler monkey hits you.
You shoot an arrow.
The arrow closely misses the howler monkey.
The howler monkey hits you but does no damage.
The ogre hits you with a +0 giant club!
The howler monkey hits you but does no damage.
You shoot an arrow. The arrow hits the howler monkey!
The howler monkey is severely wounded.
The howler monkey hits you. The ogre hits you with a +0 giant club!
You die...

#...........#
#..##).###.##### ###
#..##..#######.## #..#
#...'....#......# ....
#...#....#......# .....
#...#....#..########...
#..##..###..##..##..#
#..##..###..##......#.
#.......@Oo..............
#.......#h......##.......
#..##..###########..#....
#..##..# #..##..#
#......# #... ...
#......# #..## ..
#..##### ##+# . #.. #.


You could see an ogre, a howler monkey and an orc.

Vanquished Creatures
  A black bear (D:4)
  2 scorpions (D:4)
  A howler monkey (D:5)
  4 hounds
  An iguana (D:4)
  Terence (D:3)
  4 gnolls
  5 adders
  2 dart slugs
  5 orcs (D:4)
  2 ball pythons
  3 bats
  4 endoplasms
  A giant cockroach (D:1)
  8 goblins
  5 hobgoblins
  7 jackals
  5 quokkas
  4 frilled lizards
  8 kobolds
  7 rats
80 creatures vanquished.

Notes
Turn   | Place    | Note
-------+----------+-------------------------------------------
     0 | D:1      | qw the Gargoyle Hunter began the quest for the Orb.
     0 | D:1      | Reached XP level 1. HP: 12/12 MP: 1/1
     0 | D:1      | 0 ||| qw: Version: 0.3-a-76-g4403597
     0 | D:1      | 0 ||| qw: Game counter: 137
     0 | D:1      | 0 ||| qw: Melee chars always use a shield: true
     0 | D:1      | 0 ||| qw: God list: Okawaru
     0 | D:1      | 0 ||| qw: Allow faded altars: false
     0 | D:1      | 0 ||| qw: Do Orc after clearing Dungeon:15 true
     0 | D:1      | 0 ||| qw: Do second Lair branch before Depths: true
     0 | D:1      | 0 ||| qw: Lair rune preference: random
     0 | D:1      | 0 ||| qw: Goals: Normal
     0 | D:1      | 0 ||| PLANNING D:1-11
    74 | D:1      | Reached XP level 2. HP: 17/17 MP: 2/2
   324 | D:1      | Reached XP level 3. HP: 21/21 MP: 3/3
   401 | D:1      | Reached skill level 5 in Ranged Weapons
   606 | D:1      | 606 ||| UPGRADING to +0 ring mail.
   616 | D:1      | 616 ||| DROPPING +0 leather armour.
   617 | D:1      | 617 ||| UPGRADING to ring of resist corrosion.
   618 | D:1      | 618 ||| READING scroll labelled XAPPAA HUCIBOO.
   619 | D:1      | 619 ||| READING scroll labelled DOKISSA CUSYSM.
   620 | D:1      | 620 ||| READING 2 scrolls labelled VEMEDURAIGU.
   621 | D:1      | 621 ||| READING scroll labelled DEXIXT GEHEVU.
   622 | D:1      | 622 ||| READING scroll labelled ITOUPP AS ERRO.
   627 | D:1      | 627 ||| READING scroll labelled TUNGOL NUBA.
   628 | D:1      | 628 ||| DRINKING 2 pink potions.
   629 | D:1      | 629 ||| DROPPING scroll of butterflies.
   630 | D:1      | 630 ||| DROPPING scroll of fear.
   806 | D:2      | Reached skill level 1 in Armour
  1087 | D:2      | 1087 ||| UPGRADING to ring of protection from fire.
  1088 | D:2      | 1088 ||| READING 3 scrolls labelled SABROF ICLO.
  1089 | D:2      | 1089 ||| READING scroll labelled LON YJIUNA.
  1090 | D:2      | 1090 ||| READING 2 scrolls of identify.
  1090 | D:2      | 1090 ||| IDENTIFYING brown potion
  1131 | D:3      | Reached XP level 4. HP: 27/27 MP: 4/4
  1146 | D:3      | Found a runed translucent gate.
  1148 | D:3      | Found a runed translucent gate.
  1149 | D:3      | Found a runed translucent gate.
  1151 | D:3      | Noticed qw's ghost (amateur GrHu)
  1160 | D:3      | Reached skill level 3 in Fighting
  1443 | D:3      | Found Oxeczeg's Jewellery Boutique.
  1450 | D:3      | 1450 ||| SHOPLISTING +4 ring of protection (432 gold, have
                  | 130).
  1450 | D:3      | 1450 ||| SHOPLISTING +6 ring of strength (432 gold, have
                  | 130).
  1450 | D:3      | 1450 ||| SHOPLISTING amulet of regeneration (360 gold, have
                  | 130).
  1450 | D:3      | 1450 ||| SHOPLISTING amulet of the acrobat (360 gold, have
                  | 130).
  1450 | D:3      | 1450 ||| SHOPLISTING ring of protection from cold (300
                  | gold, have 130).
  1450 | D:3      | 1450 ||| SHOPLISTING ring of see invisible (180 gold, have
                  | 130).
  1450 | D:3      | 1450 ||| SHOPLISTING ring of willpower (300 gold, have
                  | 130).
  1556 | D:3      | Noticed Terence
  1561 | D:3      | Killed Terence
  1767 | D:3      | 1767 ||| READING scroll labelled REBRYS IVULO.
  1768 | D:3      | 1768 ||| READING 3 scrolls labelled INIESHR UMUD.
  1769 | D:3      | 1769 ||| DRINKING 2 orange potions.
  1770 | D:3      | 1770 ||| DROPPING 2 scrolls of amnesia.
  1799 | D:4      | Found Ageurch's CLEARANCE SALE!.
  1800 | D:4      | 1800 ||| STAIRDANCE
  1870 | D:4      | 1870 ||| STAIRDANCE
  1879 | D:3      | Reached XP level 5. HP: 30/32 MP: 5/5
  1942 | D:4      | 1942 ||| STAIRDANCE
  2049 | D:4      | 2049 ||| STAIRDANCE
  2052 | D:3      | Reached skill level 6 in Ranged Weapons
  2154 | D:4      | 2154 ||| STAIRDANCE
  2225 | D:4      | 2225 ||| BUYING scroll of identify (8 gold).
  2225 | D:4      | Bought a scroll of identify for 8 gold pieces
  2350 | D:4      | Reached XP level 6. HP: 38/38 MP: 6/6
  2579 | D:4      | Reached skill level 7 in Ranged Weapons
  2633 | D:4      | Noticed a black bear
  2638 | D:4      | Killed a black bear
  2639 | D:4      | Reached XP level 7. HP: 40/43 MP: 7/7
  2736 | D:4      | Found a shimmering blue altar of Sif Muna.
  2812 | D:4      | Found a glowing golden altar of the Shining One.
  2837 | D:4      | 2837 ||| UPGRADING to ring of protection from cold.
  2839 | D:4      | 2839 ||| DROPPING ring of wizardry.
  2840 | D:4      | 2840 ||| UPGRADING to ring of see invisible.
  2842 | D:4      | 2842 ||| DRINKING 2 cyan potions.
  2843 | D:4      | 2843 ||| READING 4 scrolls of identify.
  2843 | D:4      | 2843 ||| IDENTIFYING viscous grey potion
  2844 | D:4      | 2844 ||| READING 3 scrolls of identify.
  2844 | D:4      | 2844 ||| IDENTIFYING clear potion
  2845 | D:4      | 2845 ||| READING 2 scrolls of identify.
  2845 | D:4      | 2845 ||| IDENTIFYING lumpy purple potion
  2846 | D:4      | 2846 ||| DROPPING potion of invisibility.
  2847 | D:4      | 2847 ||| DROPPING potion of magic.
  2857 | D:5      | Entered Level 5 of the Dungeon
  2890 | D:5      | Found a burning altar of Makhleb.
  3037 | D:5      | 3037 ||| Stepping ~*~*~tactically~*~*~ (retreating).
  3038 | D:5      | 3038 ||| RETREATING.
  3045 | D:5      | 3045 ||| Stepping ~*~*~tactically~*~*~ (retreating).
  3046 | D:5      | 3046 ||| Stepping ~*~*~tactically~*~*~ (retreating).
  3047 | D:5      | 3047 ||| Stepping ~*~*~tactically~*~*~ (retreating).
  3051 | D:5      | Slain by an ogre

Levels and vault maps discovered:
D:1:      nzn_arrival_settlement, layout_loops_cross
D:2:      layout_rooms
D:3:      layout_loops_ring, serial_shops, shop, gammafunk_ghost_split,
          grunt_decor_fettered, uniq_terence
D:4:      layout_cave_pools, tso_oasis_becter, lemuel_blue_sif_altar,
          nicolae_shop_clearance
D:5:      layout_gridville, makhleb_heckhound_becter, st_stairs_5,
          minmay_shop_grid_forest

Skill      XL: |  1  2  3  4  5  6 |
---------------+-------------------+-----
Ranged Weapons | 5 6 7 |  7.9
Armour         | 1 |  1.0
Fighting       | 3 4 |  4.2
Dodging        | |  1.5
Stealth        | |  1.1

Action                     |  1- 3 |  4- 6 |  7- 9 || total
---------------------------+-------+-------+-------++-------
   Fire: Shortbow          |    89 |   120 |    26 ||   235
    Use: Scroll            |     9 |     2 |     3 ||    14
         Potion            |     1 |     1 |     1 ||     3
 Armour: Leather armour    |     9 |       |       ||     9
         Ring mail         |    10 |    72 |    30 ||   112
  Dodge: Dodged            |    13 |    94 |    13 ||   120

Table legend:
 A = Non-vault XP
 B = Vault XP
 C = Vault XP percentage of total XP
 D = Non-vault monster count
 E = Vault monster count
 F = Vault count percentage of total count
                 A         B        C        D         E       F
            +---------+---------+-------+---------+---------+-------
      Total |     695 |     140 |  16.8 |      77 |       3 |   3.8
            +---------+---------+-------+---------+---------+-------
        D:1 |      45 |       0 |   0.0 |      20 |       0 |   0.0
        D:2 |      25 |       0 |   0.0 |      14 |       0 |   0.0
        D:3 |     118 |      36 |  23.4 |      19 |       1 |   5.0
        D:4 |     465 |       0 |   0.0 |      23 |       0 |   0.0
        D:5 |      42 |     104 |  71.2 |       1 |       2 |  66.7
            +---------+---------+-------+---------+---------+-------
